 Dungeon Crawl Stone Soup version 0.27.1-2-g3b301248ec (webtiles) character file.

Game seed: 9467208664144998827

163 babuloseo the Covered (level 5, -3/41 HPs)
             Began as a Human Fighter on Sept 30, 2021.
             Slain by a scorpion (6 damage)
             ... on level 4 of the Dungeon.
             The game lasted 00:02:32 (4050 turns).

babuloseo the Covered (Human Fighter)               Turns: 4050, Time: 00:02:33

Health: -3/41      AC:  7    Str: 17    XL:     5   Next: 72%
Magic:  5/5        EV:  7    Int:  9    God:
Gold:   190        SH:  9    Dex: 12    Spells: 4/4 levels left

rFire    . . .     SeeInvis +   a - +0 long sword
rCold    . . .     Faith    .   c - +0 kite shield
rNeg     . . .     Spirit   .   b - +0 scale mail
rPois    .         Reflect  .   (no helmet)
rElec    .         Harm     .   (no cloak)
rCorr    .         Rampage  .   (no gloves)
Will     .....                  (no boots)
Stlth    ..........             (no amulet)
HPRegen  0.13/turn              p - ring of see invisible
MPRegen  0.09/turn              (no ring)

@: lethally poisoned (-3 -> -21)
A: no striking features
a: no special abilities


You were on level 4 of the Dungeon.
You visited 1 branch of the dungeon, and saw 4 of its levels.

You collected 190 gold pieces.

Inventory:

Hand Weapons
 a - a +0 long sword (weapon)
Armour
 b - a +0 scale mail (worn)
 c - a +0 kite shield (worn)
Jewellery
 p - a ring of see invisible (left hand)
Scrolls
 e - a scroll of enchant armour
 f - a scroll of torment {unknown}
 h - a scroll of summoning
 k - 2 scrolls of amnesia {unknown}
 n - a scroll of identify
 o - 2 scrolls of blinking {unknown}
Potions
 d - a potion of might
 i - 3 potions of curing {unknown}
 j - 2 potions of mutation {unknown}
 l - a potion of heal wounds {unknown}
 m - a potion of brilliance {unknown}


   Skills:
 + Level 3.5 Fighting
 * Level 3.3 Long Blades
 + Level 3.9 Armour
 + Level 1.1 Dodging
 + Level 3.8 Shields


You had 4 spell levels left.
You didn't know any spells.
Your spell library was empty.

Dungeon Overview and Level Annotations

Branches:
Dungeon (4/15)
 Temple: D:4-7

Altars:


Message History

A giant cockroach is nearby!
You barely miss the giant cockroach.
You block the giant cockroach's attack. x2
A giant cockroach is nearby!
You hit the giant cockroach.
You kill the giant cockroach!
Found a chain mail.
No target in view!
A scorpion comes into view.
A scorpion is nearby!
A scorpion is nearby!
The scorpion stings you.
You are poisoned.
The scorpion poisons you!
You slash the scorpion!
The scorpion is heavily wounded.
You feel very sick. The scorpion stings you.
You are more poisoned.
The scorpion poisons you!
The scorpion stings you but does no damage.
You barely miss the scorpion.
The scorpion is heavily wounded.
You feel very sick. The scorpion stings you.
You are lethally poisoned!
The scorpion poisons you! The scorpion stings you.
You are more poisoned.
The scorpion poisons you!
You hit the scorpion.
The scorpion is severely wounded.
* * * LOW HITPOINT WARNING * * *
You feel extremely sick. You block the scorpion's attack.
The scorpion barely misses you.
Unknown command.
You barely miss the scorpion.
The scorpion is severely wounded.
* * * LOW HITPOINT WARNING * * *
You feel extremely sick. The scorpion stings you.
You die...

## #########........
#................
######.###############
# .................
..........##....
..........##....
.................
.................
........@.......≈
........s......#≈
######.#......#
..##...[#.# ...
...≈##. .... ...≈≈#
..... ...≈≈# ......
..≈≈#


You could see a scorpion.

Vanquished Creatures
  9 adders
  An ufetubus (D:4)
  A worm (D:2)
  2 dart slugs
  An orc (D:4)
  7 endoplasms
  4 giant cockroaches
  7 goblins
  4 hobgoblins
  3 quokkas
  7 ball pythons
  7 bats
  7 frilled lizards
  7 kobolds
  4 rats
71 creatures vanquished.

Notes
Turn   | Place    | Note
-------+----------+-------------------------------------------
     0 | D:1      | babuloseo the Human Fighter began the quest for the Orb.
     0 | D:1      | Reached XP level 1. HP: 18/18 MP: 1/1
    99 | D:1      | Reached XP level 2. HP: 18/24 MP: 2/2
   628 | D:1      | Reached XP level 3. HP: 16/29 MP: 3/3
  1314 | D:2      | Reached XP level 4. HP: 27/35 MP: 4/4
  2745 | D:3      | Reached XP level 5. HP: 23/41 MP: 5/5
  3226 | D:3      | Reached skill level 1 in Dodging
  4050 | D:4      | Slain by a scorpion

Illustrated notes

Levels and vault maps discovered:
D:1:      grunt_arrival_lava_bath, layout_rooms, grunt_decor_resistance,
          minmay_tetromino_l4
D:2:      layout_basic, kennysheep_generic_room_14
D:3:      layout_loops_ring, minivault_26, minmay_misc_feat_chi,
          minmay_snake_closets
D:4:      layout_basic, lemuel_tele_altar, grunt_decor_junction

Skill      XL: |  1  2  3  4  5 |
---------------+----------------+-----
Long Blades    | 3 |  3.3
Dodging        | 1 |  1.1
Fighting       | |  3.5
Armour         | |  3.9
Shields        | |  3.8

Action                   |  1- 3 |  4- 6 || total
-------------------------+-------+-------++-------
Melee: Long sword        |    89 |   168 ||   257
  Use: Scroll            |     3 |       ||     3
       Potion            |       |     1 ||     1
Armor: Scale mail        |    70 |    85 ||   155
Dodge: Dodged            |    42 |    61 ||   103
Block: Kite shield       |    53 |   103 ||   156
       Rpst.: Long sword |    14 |    22 ||    36
